 Dungeon Crawl Stone Soup version 0.23.1 (webtiles) character file.

Game seed: 6907650089306223675

375 night the Magician (level 6, -4/41 HPs)
             Began as a Mummy Summoner on Mar 14, 2019.
             Shot with a sling bullet by a hobgoblin (8 damage)
             ... on level 3 of the Dungeon.
             The game lasted 00:13:50 (5177 turns).

night the Magician (Mummy Summoner)                 Turns: 5177, Time: 00:13:51

Health: -4/41      AC:  3    Str: 11    XL:     6   Next: 44%
Magic:  13/15      EV: 12    Int: 17    God:
Gold:   134        SH:  0    Dex: 12    Spells: 7/17 levels left

rFire    x . .     SeeInvis .   i - +0 spear
rCold    + + .     Gourm    .   (no shield)
rNeg     + + +     Faith    .   e - +0 robe (curse)
rPois    ∞         Spirit   .   (no helmet)
rElec    .         Reflect  .   t - +0 cloak
rCorr    .         Harm     .   (no gloves)
MR       .....                  (no boots)
Stlth    ++........             (no amulet)
HPRegen  0.13/turn              h - ring of protection from cold
MPRegen  0.14/turn              (no ring)

@: no status effects
A: no food or potions, fire vulnerability, cold resistance 1, negative energy
resistance 3, torment resistance, unbreathing
a: no special abilities


You were on level 3 of the Dungeon.
You were not hungry.

You visited 1 branch of the dungeon, and saw 3 of its levels.

You collected 134 gold pieces.

Inventory:

Hand Weapons
 c - a +0 dagger
 d - a +0 short sword
 i - a +0 spear (weapon)
 l - a +2 falchion of freezing
 n - a +4 dagger
Missiles
 f - 158 stones (quivered)
 g - 18 bolts
 m - 39 arrows
Armour
 e - a cursed +0 robe (worn)
 t - a +0 cloak (worn)
Jewellery
 h - a ring of protection from cold (left hand)
 j - an uncursed ring of magical power
Wands
 q - a wand of paralysis (7)
Scrolls
 b - 2 scrolls of remove curse {unknown}
 k - a scroll of amnesia {unknown}
 p - a scroll of blinking {unknown}
 r - a scroll of immolation {unknown}
 s - 2 scrolls of identify


   Skills:
 - Level 1.5 Dodging
 - Level 1.5 Stealth
 + Level 6.2 Spellcasting
 + Level 5.1 Summonings


You had 7 spell levels left.
You knew the following spells:

 Your Spells              Type           Power        Failure   Level  Hunger
a - Summon Small Mammal   Summ           ###.         1%          1    N/A
b - Call Imp              Summ           ###.....     2%          2    N/A
c - Call Canine Familiar  Summ           ###.....     4%          3    N/A
d - Summon Lightning Spi  Summ/Air       ##......     41%         4    N/A

Your spell library contained the following spells:

 Spells                   Type           Power        Failure   Level  Hunger
 Summon Guardian Golem    Hex/Summ       ##......     13%         3    N/A
 Summon Ice Beast         Ice/Summ       ##......     41%         4    N/A

Dungeon Overview and Level Annotations

Branches:
Dungeon (3/15)

Altars:
Zin


Innate Abilities, Weirdness & Mutations

You do not eat or drink.
Your flesh is vulnerable to fire.
You are immune to poison.
Your flesh is cold resistant. (rC+)
You are immune to negative energy. (rN+++)
You are immune to unholy pain and torment.
You can survive without breathing.


Message History

The big kobold is severely wounded.
The big kobold hits you with a +0 dagger.
The hobgoblin shoots a sling bullet.
The sling bullet barely misses you.
You closely miss the big kobold.
The big kobold is severely wounded.
The big kobold hits you with a +0 dagger.
* * * LOW HITPOINT WARNING * * *
The hobgoblin shoots a sling bullet.
The sling bullet closely misses you.
You closely miss the big kobold.
The big kobold is severely wounded.
The big kobold hits you with a +0 dagger!
* * * LOW HITPOINT WARNING * * *
The hobgoblin shoots a sling bullet.
The sling bullet closely misses you.
Casting: Summon Small Mammal (safe; 1% risk of failure)
Confirm with . or Enter, or press ? or * to list all spells.
A shadowy apparition takes form in the air.
The big kobold barely misses you. The big kobold misses you.
The hobgoblin shoots a sling bullet.
The sling bullet hits you!
You die...

....#......#.....)(..(.) #
##)...#########..... #....#
+..... #..).# #.....
################''###############
≈≈≈≈≈≈≈≈≈≈≈≈≈≈......≈≈≈≈≈≈≈≈≈≈≈≈≈
≈≈≈≈≈≈≈≈≈≈≈≈≈≈≈.g..≈≈≈≈≈≈≈≈≈≈≈≈≈≈
≈≈≈≈≈≈≈≈≈≈≈≈≈≈..)..≈≈≈≈≈≈≈≈≈≈≈≈≈≈
.≈≈≈.≈≈.≈.≈≈.≈.)@K.≈..≈.....≈.≈.≈
.................................
..............5(.................
......####.(..)(.....##.#.#.####.
.####.# #.###(#####.##.....# #.
.# #.# #.# #.# ##...#.##### #. .#
#.# #.# #.###).....# #.
.####.####.# #.##<)!....# #)
.#>........# #......)...# #.


You could see a big kobold, a hobgoblin and a friendly shadow imp.

Vanquished Creatures
  An orc wizard (D:3)
  Jessica (D:3)
  2 adders (D:3)
  A leopard gecko (D:1)
  5 orcs (D:3)
  A ball python (D:1)
  5 giant cockroaches
  6 goblins
  3 hobgoblins (D:3)
  A quokka (D:3)
  3 bats
  A frilled lizard (D:3)
  4 kobolds
  5 rats
39 creatures vanquished.

Vanquished Creatures (collateral kills)
  An eye of draining (D:3)
  2 big kobolds (D:3)
  An orc wizard (D:3)
  An orc priest (D:3)
  An iguana (D:3)
  10 gnolls (D:3)
  3 adders (D:3)
  An ooze (D:3)
  2 worms (D:3)
  2 dart slugs (D:1)
  A leopard gecko (D:1)
  9 orcs (D:3)
  2 giant cockroaches
  12 goblins
  9 hobgoblins
  5 kobolds
  2 bats
  2 frilled lizards
  A rat (D:3)
67 creatures vanquished.

Grand Total: 106 creatures vanquished

Notes
Turn   | Place    | Note
-------+----------+-------------------------------------------
     0 | D:1      | night the Mummy Summoner began the quest for the Orb.
     0 | D:1      | Reached XP level 1. HP: 13/13 MP: 4/4
     6 | D:1      | Noticed a wyvern
     6 | D:1      | Noticed a hound
     6 | D:1      | Noticed a komodo dragon
     6 | D:1      | Noticed a black bear
   169 | D:1      | Reached skill level 3 in Spellcasting
   296 | D:1      | Reached XP level 2. HP: 18/19 MP: 6/6
   301 | D:1      | Learned a level 2 spell: Call Imp
  2668 | D:3      | Reached XP level 3. HP: 18/24 MP: 1/8
  2694 | D:3      | Reached skill level 4 in Spellcasting
  2764 | D:3      | Learned a level 3 spell: Call Canine Familiar
  2777 | D:3      | Found a glowing silver altar of Zin.
  3017 | D:3      | Reached XP level 4. HP: 20/30 MP: 0/10
  3449 | D:3      | Learned a level 4 spell: Summon Lightning Spire
  3735 | D:3      | Reached XP level 5. HP: 26/35 MP: 8/12
  3891 | D:3      | Reached skill level 5 in Spellcasting
  4079 | D:3      | Found a faded altar of an unknown god.
  4135 | D:3      | Noticed Jessica
  4155 | D:3      | Killed Jessica
  4559 | D:3      | Noticed an eye of draining
  4579 | D:3      | Killed an eye of draining
  4754 | D:3      | Reached XP level 6. HP: 26/41 MP: 7/14
  4897 | D:3      | Reached skill level 6 in Spellcasting
  4897 | D:3      | Reached skill level 5 in Summonings
  5177 | D:3      | Shot with a sling bullet by a hobgoblin

Skill      XL: |  1  2  3  4  5  6 |
---------------+-------------------+-----
Spellcasting   | 3 4 5 6 |  6.2
Summonings     | 4 5 |  5.1
Dodging        | |  1.5
Stealth        | |  1.5

Action                   |  1- 3 |  4- 6 || total
-------------------------+-------+-------++-------
Melee: Unarmed           |    16 |       ||    16
       Short sword       |    32 |       ||    32
       Dagger            |     4 |       ||     4
       Falchion          |    11 |    10 ||    21
       Spear             |    21 |   100 ||   121
 Cast: Summon Small Mamm |    13 |     7 ||    20
       Call Imp          |    24 |    33 ||    57
       Call Canine Famil |       |     6 ||     6
  Use: Scroll            |     1 |       ||     1
 Stab: Distracted        |     2 |       ||     2
       Sleeping          |     1 |     4 ||     5
Armor: Robe              |    21 |    17 ||    38
Dodge: Dodged            |    77 |    74 ||   151
       Rpst.: Falchion   |     5 |     4 ||     9
